Map: [ESL] Ghost River

Players

NightMare

  • Race: Protoss Protoss
  • Spawn Location: 1:00

Scarlett - Winner!

  • Race: Zerg Zerg
  • Spawn Location: 11:00

Event: ESL Spring 2024 Finals

VOD

Have the link to the VOD?

Description

Time

  • Played on: May 31, 2024, 6:11 p.m.
  • Length: 12:46

All games in this series

Show
View Real Time Build Order
Export as new Build Order

NightMare Protoss 

Build Orders:  

Get SALT Encoding   

  12  0:00  Probe  
  13  0:14  Pylon  
  13  0:17  Probe (Chrono Boost)  
  15  0:29  Probe (Chrono Boost)  
  15  0:33  Probe (Chrono Boost)  
  16  0:40  Gateway  
  16  0:44  Probe  
  16  0:49  Assimilator  
  17  0:56  Probe  
  18  1:09  Gateway  
  18  1:10  Probe  
  19  1:26  Zealot (Chrono Boost)  
  19  1:27  Cybernetics Core  
  21  1:37  Pylon  
  21  1:46  Zealot (Chrono Boost)  
  23  2:02  Adept (Chrono Boost)  
  23  2:03  Shield Battery  
  25  2:11  Shield Battery  
  25  2:13  Pylon  
  27  2:17  Adept (Chrono Boost)  
  27  2:24  Adept  
  29  2:35  Shield Battery  
  30  2:40  Shield Battery  
  29  2:45  Stalker  
  31  2:51  Shield Battery  
  31  3:09  Stalker (Chrono Boost)  
  31  3:12  Shield Battery  
  33  3:20  Shield Battery  
  33  3:25  Shield Battery  
  33  3:40  Shield Battery  
  22  3:41  Shield Battery  
  24  3:56  Pylon  
  24  4:08  Shield Battery  
  22  4:20  Robotics Facility  
  22  4:27  Gateway  
  22  4:33  Gateway  
  22  4:35  Shield Battery  
  22  4:44  Shield Battery  
  22  4:52  Shield Battery  
  22  5:00  Probe  
  23  5:07  Immortal (Chrono Boost)  
  23  5:12  Probe  
  24  5:24  Probe  
  25  5:34  Cybernetics Core  
  25  5:36  Probe  
  25  5:38  Observer  
  27  5:48  Probe  
  28  6:13  Nexus  
  28  6:17  Warp Gate (Chrono Boost)  
  28  6:21  Probe  
  29  6:28  Assimilator  
  29  6:33  Adept x2  
  29  6:35  Probe  
  34  6:42  Pylon  
  34  6:47  Probe  
  35  6:59  Probe (Chrono Boost)  
  37  7:09  Probe (Chrono Boost)  
  37  7:10  Sentry  
  37  7:11  Sentry  
  37  7:14  Probe (Chrono Boost)  
  42  7:22  Gateway  
  42  7:26  Probe  
  43  7:33  Immortal  
  43  7:36  Observer  
  47  7:38  Probe (Chrono Boost)  
  47  7:40  Probe (Chrono Boost)  
  45  7:50  Probe (Chrono Boost)  
  47  7:51  Probe (Chrono Boost)  
  47  7:55  Probe (Chrono Boost)  
  47  7:56  Probe (Chrono Boost)  
  49  8:05  Probe  
  50  8:07  Probe  
  50  8:10  Sentry x2  
  50  8:12  Warp Prism, Pylon  
  55  8:17  Probe  
  55  8:19  Probe  
  59  8:24  Twilight Council  
  59  8:29  Probe  
  59  8:31  Probe  
  61  8:43  Probe x2  
  63  8:49  Nexus  
  63  8:51  Pylon  
  63  8:56  Blink (Chrono Boost)  
  63  8:59  Assimilator  
  63  9:01  Assimilator  
  63  9:02  Probe  
  64  9:03  Probe  
  64  9:09  Shield Battery  
  65  9:18  Probe x2  
  65  9:22  Pylon  
  67  9:30  Probe  
  68  9:31  Gateway  
  68  9:37  Gateway  
  68  9:40  Gateway  
  68  9:44  Stalker x2  
  68  9:48  Observer  
  68  9:52  Stalker  
  68  9:53  Probe x2  
  68  9:56  Pylon  
  72  10:04  Robotics Bay, Probe  
  72  10:06  Probe  
  74  10:14  Zealot  
  74  10:15  Stalker  
  74  10:20  Probe x2  
  74  10:21  Probe  
  81  10:24  Stalker  
  83  10:32  Stalker x2  
  83  10:33  Probe x2  
  89  10:43  Pylon  
  89  10:47  Stalker x2  
  89  10:48  Disruptor (Chrono Boost)  
  93  10:53  Forge  
  97  10:57  Stalker x2  
  97  11:02  Stalker  
  97  11:04  Probe x3  
  106  11:11  Disruptor (Chrono Boost)  
  106  11:14  Assimilator  
  106  11:16  Gateway  
  106  11:17  Assimilator  
  110  11:20  Pylon, Probe x2  
  112  11:29  Disruptor  
  112  11:35  Stalker x2  
  116  11:42  Pylon  
  120  11:48  Stalker x2  
  124  11:54  Pylon  
  124  11:56  Pylon  
  124  12:00  Shield Battery  
  124  12:02  Shield Battery, Disruptor  
  116  12:18  Stalker x3  
  116  12:22  Stalker x3  
  80  12:33  Stalker x4  
  66  12:42  Stalker x3  
Show
View Real Time Build Order
Export as new Build Order

Scarlett Zerg - Winner!

Build Orders: Pool First 

Get SALT Encoding   

  12  0:17  Spawning Pool  
  11  0:21  Drone  
  11  0:26  Drone  
  13  0:32  Drone  
  14  0:40  Overlord  
  14  1:04  Zergling x2  
  15  1:12  Zergling x4  
  17  1:24  Hatchery  
  17  1:25  Zergling x2  
  17  1:26  Zergling x2  
  18  1:37  Zergling x2  
  19  1:47  Zergling x2  
  20  2:03  Zergling x2  
  21  2:14  Zergling x2  
  22  2:35  Queen  
  24  2:37  Spine Crawler  
  24  2:38  Spine Crawler x2, Zergling x2  
  24  2:41  Zergling x4  
  24  2:46  Zergling x2  
  24  2:48  Zergling x2  
  26  2:53  Overlord  
  25  3:00  Zergling x2  
  23  3:07  Zergling x2  
  23  3:10  Zergling x2  
  25  3:23  Zergling x2  
  25  3:32  Zergling x2  
  21  3:37  Zergling x2  
  21  3:48  Zergling x2  
  22  4:00  Zergling x2  
  22  4:07  Queen  
  22  4:08  Zergling x2  
  22  4:22  Hatchery  
  20  4:25  Drone  
  19  4:39  Drone x2  
  20  4:51  Drone  
  19  4:59  Queen  
  21  5:08  Extractor  
  20  5:17  Drone x2  
  18  5:24  Drone  
  18  5:25  Drone x2  
  21  5:31  Drone  
  22  5:42  Drone  
  23  5:44  Drone  
  23  5:49  Drone x2  
  26  5:56  Drone x3  
  29  6:04  Queen  
  29  6:10  Metabolic Boost  
  31  6:13  Drone  
  31  6:16  Drone  
  34  6:18  Drone  
  34  6:22  Overlord  
  34  6:26  Drone  
  34  6:27  Drone  
  36  6:34  Roach Warren  
  36  6:37  Drone  
  36  6:42  Drone x2  
  36  6:44  Drone  
  36  6:46  Drone  
  40  6:48  Overlord  
  40  6:52  Drone x2  
  42  6:56  Overlord  
  42  6:59  Spore Crawler  
  41  7:01  Zergling x2  
  41  7:03  Zergling x2  
  43  7:12  Extractor  
  43  7:14  Roach x4  
  50  7:19  Roach  
  52  7:23  Roach x2  
  52  7:26  Overlord  
  56  7:30  Zergling x4  
  56  7:37  Drone x3  
  58  7:46  Drone x4  
  62  7:56  Drone  
  62  7:57  Overlord  
  63  8:03  Hatchery  
  62  8:07  Drone x3  
  62  8:12  Overlord  
  65  8:19  Drone, Overlord  
  66  8:22  Lair  
  66  8:23  Drone x2  
  66  8:26  Extractor  
  67  8:29  Overlord  
  67  8:32  Drone x3  
  69  8:34  Drone  
  69  8:37  Extractor  
  69  8:38  Roach  
  71  8:45  Drone x2  
  73  8:52  Drone x6, Evolution Chamber  
  78  8:59  Queen  
  80  9:03  Overlord x2  
  80  9:05  Drone  
  77  9:20  Glial Reconstitution, Zerg Missile Weapons Level 1  
  77  9:22  Ravager x2  
  79  9:28  Drone x10  
  79  9:30  Queen  
  88  9:40  Zergling x6  
  91  9:47  Baneling Nest  
  91  9:48  Drone x3, Extractor  
  91  9:50  Roach x5  
  102  9:53  Ravager x3  
  105  10:00  Overseer  
  105  10:03  Hatchery  
  105  10:05  Roach x3  
  110  10:14  Overlord x4  
  110  10:16  Roach  
  110  10:19  Roach x2  
  110  10:20  Roach  
  118  10:24  Overseer  
  118  10:29  Overlord x2  
  118  10:30  Overlord x2  
  118  10:32  Centrifugal Hooks  
  118  10:38  Zergling x10  
  123  10:45  Zergling x14  
  130  10:59  Roach x5  
  141  11:04  Drone x3  
  141  11:10  Ravager x9  
  151  11:11  Zergling x8  
  151  11:14  Zergling x8  
  151  11:18  Zergling x10  
  164  11:28  Zergling x6  
  164  11:32  Zergling x2  
  168  11:36  Baneling x10  
  168  11:38  Zergling x6  
  171  11:42  Zergling x8  
  175  11:48  Zergling x12  
  175  11:53  Overlord  
  180  11:55  Zergling x6  
  180  11:57  Ravager x3  
  186  12:01  Zergling x6  
  188  12:10  Roach x4  
  180  12:16  Roach x9  
  180  12:22  Zergling x4  
  188  12:26  Extractor, Infestation Pit  
Tags
 
Add a new tag
Caveats
  • Supply blocks, unpowered buildings, or Contaminate may cause inaccurate times.
  • Supply counts are checked every 10 seconds.